 Dungeon Crawl Stone Soup version 0.19.1-1-g22dce08 (webtiles) character file.

212 dngmouse the Chopper (level 5, -12/46 HPs)
             Began as a Minotaur Monk on Jan 16, 2017.
             Killed by divine providence
             ... invoked by an orc priest
              (15 damage)
             ... on level 4 of the Dungeon.
             The game lasted 00:06:23 (1957 turns).

dngmouse the Chopper (Minotaur Monk)                Turns: 1957, Time: 00:06:24

Health: -12/46     AC:  2    Str: 17    XL:     5   Next: 58%
Magic:  4/4        EV: 13    Int:  7    God:
Gold:   168        SH:  0    Dex: 12    Spells: 0 memorised, 4 levels left

rFire  . . .     SeeInvis .     a - +0 hand axe
rCold  . . .     Gourm    .     b - +0 robe
rNeg   . . .     Faith    .     (no shield)
rPois  +         Spirit   .     B - +0 hat
rElec  .         Reflect  .     (no cloak)
rCorr  .         Harm     .     (no gloves)
MR     .....                    (no boots)
Stlth  ++........               (no amulet)
                                (no ring)
                                w - ring of poison resistance

@: no status effects
A: retaliatory headbutt, horns 2
a: no special abilities


You were on level 4 of the Dungeon.
You were not hungry.

You visited 1 branch of the dungeon, and saw 4 of its levels.

You collected 168 gold pieces.

Inventory:

Hand Weapons
 a - a +0 hand axe (weapon)
Armour
 b - a +0 robe (worn)
 B - a +0 hat (worn)
Jewellery
 w - a ring of poison resistance (left hand)
Wands
 u - a wand of disintegration (13/24)
Scrolls
 h - a scroll of blinking {unknown}
 i - 5 scrolls of remove curse {unknown}
 k - 2 scrolls of amnesia {unknown}
 l - 3 scrolls of identify {unknown}
 q - a scroll of magic mapping {unknown}
 t - a scroll of fog {unknown}
 y - a scroll of random uselessness {unknown}
 C - a scroll of recharging {unknown}
Potions
 e - a potion of agility {unknown}
 f - a potion of resistance {unknown}
 n - a potion of mutation {unknown}
 o - a potion of cure mutation {unknown}
 p - a potion of heal wounds {unknown}
 r - a potion of curing {unknown}
 s - a potion of haste {unknown}
 v - a potion of might {unknown}
 x - a potion of flight {unknown}
 A - a potion of brilliance {unknown}
Comestibles
 c - 2 bread rations
 g - a slice of pizza
 j - a royal jelly
 m - 7 fruits
 z - 4 chunks of flesh


   Skills:
 - Level 4.0 Fighting
 * Level 7.5 Axes
 - Level 3.2 Dodging
 - Level 1.5 Stealth


You had 4 spell levels left.
You didn't know any spells.

Dungeon Overview and Level Annotations

Branches:
Dungeon (4/15)
 Temple: D:4-7

Altars:
Gozag

Annotations:
D:2 Natasha
D:4 dngmouse's ghost, novice DDFi


Innate Abilities, Weirdness & Mutations

You reflexively headbutt those who attack you in melee.
You have a pair of horns on your head.


Message History

You hit the orc wizard. You barely miss the orc.
The hound skeleton closely misses you. The orc hits you but does no damage.
The orc wizard closely misses you. You furiously retaliate!
You headbutt the orc wizard!
You kill the orc wizard!
You hit the orc priest but do no damage.
The orc priest is almost dead.
You hit the orc. You hit the hound skeleton. The hound skeleton bites you.
* * * LOW HITPOINT WARNING * * *
The orc priest calls down the wrath of Beogh upon you.
Pain shoots through your body!
* * * LOW HITPOINT WARNING * * *
The orc throws a tomahawk.
The tomahawk misses you. The orc misses you. You furiously retaliate!
You headbutt the orc.
You kill the orc!
The hound skeleton bites you but does no damage.
The orc priest begins to cast a cantrip, but forgets the words!
The orc priest mumbles some strange prayers to Beogh against you.
Beogh smites you!
You die...

########
##.......
#....?..#
..#?...o#####
.....o)Zo..(#
.##.?..#.####
#.#..#.# #
####o# #@###
#.#<#####
#.......#
###.###.#
#.....#
#######


You could see an orc priest, 2 orcs and a hound skeleton.

Vanquished Creatures
  2 orc wizards
  Ijyb (D:2)
  Natasha (D:2)
  3 adders
  2 oozes
  A worm (D:3)
  A dart slug (D:3)
  A leopard gecko (D:1)
  5 orcs
  6 giant cockroaches
  4 goblins
  5 hobgoblins
  6 jackals
  3 kobolds
  3 ball pythons
  7 bats
  4 frilled lizards
  7 rats
62 creatures vanquished.

Notes
Turn   | Place    | Note
-------+----------+-------------------------------------------
     0 | D:1      | dngmouse the Minotaur Monk began the quest for the Orb.
     0 | D:1      | Reached XP level 1. HP: 19/19 MP: 0/0
    94 | D:1      | Reached skill level 4 in Axes
   148 | D:1      | Reached XP level 2. HP: 26/27 MP: 1/1
   679 | D:2      | Found an opulent altar of Gozag.
   704 | D:2      | Reached XP level 3. HP: 32/33 MP: 2/2
   774 | D:2      | Reached skill level 5 in Axes
   879 | D:2      | Noticed Natasha
   886 | D:2      | Killed Natasha
  1048 | D:2      | Noticed Ijyb
  1062 | D:2      | Killed Ijyb
  1062 | D:2      | Reached skill level 6 in Axes
  1062 | D:2      | Reached XP level 4. HP: 16/40 MP: 3/3
  1282 | D:2      | Noticed Natasha
  1577 | D:3      | Reached XP level 5. HP: 42/46 MP: 4/4
  1643 | D:3      | Reached skill level 7 in Axes
  1926 | D:4      | Noticed dngmouse's ghost (novice DDFi)
  1957 | D:4      | Killed from afar by an orc priest

Skill      XL: |  1  2  3  4  5 |
---------------+----------------+-----
Axes           | 4 6 7 |  7.5
Fighting       | 4 |  4.0
Dodging        | |  3.2
Stealth        | |  1.5

Action                   |  1- 3 |  4- 6 || total
-------------------------+-------+-------++-------
Melee: Hand axe          |    66 |    72 ||   138
       Headbutt          |     5 |    10 ||    15
Throw: Tomahawk          |       |     2 ||     2
 Stab: Sleeping          |     1 |     1 ||     2
  Eat: Chunk             |       |     3 ||     3
Armor: Robe              |    12 |    15 ||    27
Dodge: Dodged            |    50 |    59 ||   109
